 Dungeon Crawl Stone Soup version 0.20.0-10-g0535bb4 (console) character file.

52574 Mohan the Slicer (level 14, -7/75 HPs)
             Began as a Vine Stalker Fighter on June 5, 2017.
             Was the Champion of Uskayaw.
             Mangled by Snorg (9 damage)
             ... on level 12 of the Dungeon.
             The game lasted 01:06:07 (16466 turns).

Mohan the Slicer (Vine Stalker Fighter)            Turns: 16466, Time: 01:06:08

Health: -7/75      AC: 20    Str: 25    XL:     14   Next: 64%
Magic:  0/19       EV:  8    Int:  8    God:    Uskayaw [******]
Gold:   1525       SH: 17    Dex: 16    Spells: 13/13 levels left

rFire    . . .     SeeInvis .   w - +0 quick blade
rCold    . . .     Gourm    .   c - +0 shield
rNeg     . . .     Faith    .   y - +1 plate armour
rPois    .         Spirit   +   n - +0 hat {MR+}
rElec    .         Reflect  +   j - +0 cloak
rCorr    .         Harm     .   d - +0 pair of gloves
MR       ++...                  N - +1 pair of boots
Stlth    ..........             i - +4 amulet of reflection
Regen    1.1/turn               K - +5 ring of slaying
MPRegen  0.2/turn               o - +3 ring of strength

@: hasted, very quick
A: antennae 2, fangs 3, regeneration 2, magic shield, antimagic bite, no potion
heal 3, rot immunity
a: Stomp, Line Pass, Grand Finale, Renounce Religion


You were on level 12 of the Dungeon.
You worshipped Uskayaw.
Uskayaw was noncommittal.
You were hungry.

You visited 2 branches of the dungeon, and saw 18 of its levels.
You also visited: Sewer.

You collected 1525 gold pieces.

Inventory:

Hand Weapons
 w - a +0 quick blade (weapon)
 Q - a +0 longbow
Missiles
 t - 326 arrows
Armour
 c - a +0 shield (worn)
 d - a +0 pair of gloves (worn)
 j - a +0 cloak (worn)
 n - a +0 hat of magic resistance (worn)
 y - a +1 plate armour (worn)
 N - a +1 pair of boots (worn)
Jewellery
 e - an uncursed ring of positive energy
 i - a +4 amulet of reflection (around neck)
 m - an uncursed amulet of regeneration
 o - a +3 ring of strength (right hand)
 A - an uncursed ring of see invisible
 B - an uncursed ring of protection from cold
 I - an uncursed ring of magical power
 K - a +5 ring of slaying (left hand)
 R - an uncursed ring of flight
Wands
 G - a wand of iceblast (9/15)
 P - a wand of lightning (12/15)
 W - a wand of disintegration (9/24)
Scrolls
 h - 11 scrolls of identify
 l - 5 scrolls of remove curse
 r - 8 scrolls of teleportation
 E - a scroll of holy word
 L - 4 scrolls of fog
 O - 2 scrolls of recharging
 T - 2 scrolls of magic mapping
 X - a scroll of fear
Potions
 b - 7 potions of brilliance
 g - 7 potions of curing
 x - a potion of resistance
 D - 3 potions of flight
 J - 2 potions of agility
 M - a potion of cancellation
 S - 3 potions of might
Comestibles
 f - 10 bread rations
 p - 22 royal jellies
 q - 9 meat rations
 F - 23 fruits


   Skills:
 + Level 9.5 Fighting
 + Level 12.0 Short Blades
 - Level 3.8 Bows
 + Level 9.1 Armour
 - Level 2.4 Dodging
 + Level 10.6 Stealth
 + Level 11.3 Shields
 + Level 6.0 Invocations


You had 13 spell levels left.
You didn't know any spells.

Dungeon Overview and Level Annotations

Branches:
Dungeon (12/15)            Temple (0/1) D:6            Lair (6/6) D:10
 Shoals (0/4) Lair:2       Spider (0/4) Lair:3        Slime (0/5) Lair:6
    Orc (0/2) D:12

Altars:
Ashenzari
Dithmenos
Elyvilon
Gozag
Hepliaklqana
Kikubaaqudgha
Ru
Sif Muna
Uskayaw
Xom
Yredelemnul
Zin

Shops:
D:7 *   D:8 (   D:11 (

Annotations:
D:12 Snorg
Lair:5 exclusion: oklob plant
Lair:6 exclusion: oklob plant


Innate Abilities, Weirdness & Mutations

You have razor-sharp teeth.
You heal very quickly.
When hurt, damage is shared between your health and your magic reserves.
Your bite disrupts and absorbs the magic of your enemies.
Potions cannot restore your health.
You are immune to rotting.
You have a pair of antennae on your head.


Message History

Snorg is severely wounded.
Snorg bites you but does no damage. Snorg claws you!
Snorg claws you but does no damage.
You hit Snorg. You bite Snorg! You drain her power.
You feel invigorated.
Snorg is severely wounded.
You feel yourself speed up. You block Snorg's attack. Snorg claws you!
* * * LOW HITPOINT WARNING * * *
You block Snorg's attack.
Okay, then.
Your plate armour prevents you from hitting Snorg.
You bite Snorg, but do no damage.
Snorg is severely wounded.
Snorg bites you!!
* * * LOW HITPOINT WARNING * * *
Snorg barely misses you. You block Snorg's attack.
You puncture Snorg! Your bite misses Snorg.
Snorg is severely wounded.
You hit Snorg.
Snorg is almost dead.
Snorg bites you!
You die...

. ##. '## #.. ..#
#.8. .8. .)# #...
#)###'#o# #.(.##.#
#oo)##.# ###
##Too##.# #......
#@###)#.## #......
#...#####{..###......
#.8.oo{)).8....... ..
#...#####..)#.#.. .
#### ###)#)#.# #
#..)#.#####
##.()(..(/)
........(#####
##..#.##.# ###
##.#.##.# #.. #
..##.# #..


You could see Snorg (berserk) and 4 orcs.

Vanquished Creatures
  Gastronok (Lair:2)
  A fire dragon (Lair:6)
  Fannar (D:10)
  6 hydras
  A centaur warrior (D:11)
  5 two-headed ogres
  The ghost of Fv001 the Cudgeler, a novice NaAK of Lugonu (D:7)
  A swamp dragon (Lair:6)
  2 wolf spiders (Lair:6)
  2 ugly things
  2 manticores
  4 elephants (Lair:5)
  12 black mambas
  A guardian serpent (Lair:6)
  2 orange demons (D:11)
  A torpor snail (Lair:6)
  17 spiny frogs
  2 komodo dragons
  4 rime drakes
  2 red devils (D:11)
  2 polar bears (Lair:4)
  A snapping turtle (Lair:2)
  4 hornets
  18 blink frogs
  2 hippogriffs
  12 dream sheep
  3 redbacks (Lair:3)
  3 wraiths (D:7)
  12 wyverns (Lair:6)
  23 yaks
  5 basilisks
  Menkaure (D:6)
  2 acid dragons (Lair:6)
  15 water moccasins
  A soldier ant (D:8)
  5 porcupines
  6 ice beasts
  3 sky beasts
  A swamp drake (Lair:6)
  A black bear (Lair:3)
  7 orc warriors
  2 phantoms
  6 wolves (Lair:3)
  3 eyes of draining (D:11)
  2 ogres
  9 centaurs
  15 crocodiles
  A big kobold (D:9)
  Blork the orc (D:6)
  17 bullfrogs
  3 scorpions
  10 killer bees
  3 howler monkeys
  8 electric eels
  4 crimson imps
  2 bullfrog zombies (D:10)
  A centaur zombie (D:7)
  4 centaur skeletons
  Crazy Yiuf (D:3)
  5 orc priests
  7 hounds
  A jelly (D:8)
  11 orc wizards
  3 bullfrog skeletons
  5 iguanas
  4 worker ants
  3 hound skeletons
  A howler monkey zombie (D:11)
  2 worker ant zombies
  9 adders
  A river rat (D:4)
  A shadow imp (D:7)
  An ooze (D:6)
  An adder zombie (D:7)
  An adder skeleton (D:8)
  A worm (D:3)
  A dart slug (D:1)
  7 leopard geckos
  47 orcs
  3 giant cockroaches
  5 goblins
  6 hobgoblins
  6 jackals
  4 quokkas
  10 ball pythons
  8 bats
  4 frilled lizards
  13 kobolds
  5 rats
463 creatures vanquished.

Vanquished Creatures (others)
  2 orcs
  3 fungi
  3 plants
8 creatures vanquished.

Grand Total: 471 creatures vanquished

Notes
Turn   | Place    | Note
-------+----------+-------------------------------------------
     0 | D:1      | Mohan the Vine Stalker Fighter began the quest for the Orb.
     0 | D:1      | Reached XP level 1. HP: 11/11 MP: 2/2
   206 | D:1      | Reached XP level 2. HP: 9/16 MP: 0/3
   506 | D:2      | Found a shadowy altar of Dithmenos.
   532 | D:2      | Reached XP level 3. HP: 20/20 MP: 4/4
   683 | D:2      | Reached skill level 2 in Short Blades
  1340 | D:3      | Gained mutation: Your natural rate of healing is unusually fast. [Vine Stalker growth]
  1340 | D:3      | Reached XP level 4. HP: 23/24 MP: 5/5
  1553 | D:3      | Found a runed door.
  1557 | D:3      | Noticed Crazy Yiuf
  1563 | D:3      | Killed Crazy Yiuf
  1704 | D:3      | Reached XP level 5. HP: 28/28 MP: 6/6
  1776 | D:3      | Reached skill level 3 in Short Blades
  1984 | D:4      | Found a glowing drain.
  1997 | Sewer    | Entered a sewer
  2255 | D:4      | Noticed a phantom
  2293 | D:4      | Killed a phantom
  2293 | D:4      | Reached XP level 6. HP: 32/32 MP: 7/7
  2324 | D:4      | Reached skill level 1 in Dodging
  2367 | D:4      | Reached skill level 4 in Short Blades
  2367 | D:4      | Reached skill level 1 in Stealth
  2367 | D:4      | Reached XP level 7. HP: 33/36 MP: 8/8
  2439 | D:4      | Gained mutation: You have a pair of small antennae on your head. [potion of mutation]
  2439 | D:4      | Gained mutation: You have a pair of antennae on your head. [potion of mutation]
  2902 | D:5      | Entered Level 5 of the Dungeon
  3319 | D:5      | Reached skill level 5 in Short Blades
  3319 | D:5      | Reached skill level 5 in Shields
  3319 | D:5      | Gained mutation: You have razor-sharp teeth. [Vine Stalker growth]
  3319 | D:5      | Reached XP level 8. HP: 36/42 MP: 7/9
  3396 | D:5      | Found an ancient bone altar of Kikubaaqudgha.
  3902 | D:6      | Reached skill level 6 in Short Blades
  4033 | D:6      | Found a basalt altar of Yredelemnul.
  4033 | D:6      | Found a hide-covered altar of Uskayaw.
  4091 | D:6      | Became a worshipper of Uskayaw the Reveler
  4115 | D:6      | Reached * piety under Uskayaw
  4121 | D:6      | Reached ** piety under Uskayaw
  4142 | D:6      | Reached XP level 9. HP: 46/46 MP: 10/10
  4143 | D:6      | Reached *** piety under Uskayaw
  4200 | D:6      | Noticed Blork the orc
  4214 | D:6      | Killed Blork the orc
  4218 | D:6      | Found a shattered altar of Ashenzari.
  4220 | D:6      | Found a white marble altar of Elyvilon.
  4220 | D:6      | Found a hazy altar of Hepliaklqana.
  4223 | D:6      | Found a glowing silver altar of Zin.
  4378 | D:6      | Noticed Menkaure
  4384 | D:6      | Killed Menkaure
  4384 | D:6      | Reached skill level 5 in Fighting
  4399 | D:6      | Found a staircase to the Ecumenical Temple.
  4409 | D:6      | Got an encrusted hunting sling
  4410 | D:6      | Identified the cursed +2 hunting sling of the Inferno {velocity, rPois Str-5 Int+4 Dex+9} (You found it on level 6 of the Dungeon)
  4762 | D:7      | Reached skill level 7 in Short Blades
  4763 | D:7      | Noticed Fv001's ghost (novice NaAK)
  4788 | D:7      | Killed Fv001's ghost
  4999 | D:7      | Reached skill level 8 in Short Blades
  5074 | D:7      | Found Gozag's Platinum Reserve.
  5079 | D:7      | Found an opulent altar of Gozag.
  5352 | D:8      | Reached XP level 10. HP: 43/51 MP: 8/11
  5356 | D:8      | Found Boickaff's Weapon Boutique.
  5369 | D:8      | Noticed a two-headed ogre
  5388 | D:8      | Killed a two-headed ogre
  5388 | D:8      | Reached skill level 1 in Bows
  5388 | D:8      | Reached skill level 5 in Armour
  5471 | D:8      | Noticed a two-headed ogre
  5482 | D:8      | Killed a two-headed ogre
  5614 | D:8      | Found a deep blue altar of Sif Muna.
  6173 | D:8      | Noticed a two-headed ogre
  6189 | D:8      | Killed a two-headed ogre
  6584 | D:8      | Reached **** piety under Uskayaw
  6594 | D:8      | Reached ***** piety under Uskayaw
  6644 | D:8      | Reached skill level 9 in Short Blades
  7024 | D:9      | Found a shimmering altar of Xom.
  7137 | D:9      | Reached XP level 11. HP: 56/56 MP: 12/12
  7621 | D:9      | Found a sacrificial altar of Ru.
  7809 | D:10     | Entered Level 10 of the Dungeon
  8024 | D:10     | Found a staircase to the Lair.
  8419 | D:10     | Noticed Fannar
  8471 | D:10     | Killed Fannar
  8628 | D:11     | Noticed a manticore
  8647 | D:11     | Killed a manticore
  8734 | D:11     | Reached skill level 5 in Stealth
  8868 | D:11     | Noticed a centaur warrior
  8884 | D:11     | Killed a centaur warrior
  9017 | D:11     | Noticed a purple ugly thing
  9030 | D:11     | Killed a purple ugly thing
  9030 | D:11     | Reached skill level 10 in Short Blades
  9051 | D:11     | Found Eqaaczes's Antique Weapon Boutique.
  9140 | D:11     | Gained mutation: You heal very quickly. [Vine Stalker growth]
  9140 | D:11     | Reached XP level 12. HP: 59/62 MP: 13/13
  9353 | D:11     | Noticed a two-headed ogre
  9362 | D:11     | Killed a two-headed ogre
  9369 | D:11     | Noticed a two-headed ogre
  9381 | D:11     | Killed a two-headed ogre
  9826 | Lair:1   | Entered Level 1 of the Lair of Beasts
 10381 | Lair:1   | Reached skill level 10 in Shields
 10778 | Lair:2   | Reached skill level 1 in Invocations
 11186 | Lair:2   | Found a staircase to the Shoals.
 11225 | Lair:2   | Noticed Gastronok
 11239 | Lair:2   | Killed Gastronok
 11239 | Lair:2   | Reached XP level 13. HP: 67/67 MP: 15/15
 11855 | Lair:2   | Reached skill level 11 in Short Blades
 12188 | Lair:3   | Found a hole to the Spider Nest.
 13860 | Lair:5   | Reached ****** piety under Uskayaw
 14515 | Lair:6   | Entered Level 6 of the Lair of Beasts
 14515 | Lair:6   | Found a staircase to the Slime Pits.
 14600 | Lair:6   | Reached skill level 5 in Invocations
 14806 | Lair:6   | Reached XP level 14. HP: 74/74 MP: 18/18
 14939 | Lair:6   | Reached skill level 10 in Stealth
 16409 | D:12     | Found a staircase to the Orcish Mines.
 16421 | D:12     | Noticed Snorg
 16446 | D:12     | Reached skill level 12 in Short Blades
 16464 | D:12     | HP: 2/75 [Snorg (13)]
 16466 | D:12     | Mangled by Snorg

Skill      XL: |  1  2  3  4  5  6  7  8  9 10 11 12 13 14 |
---------------+-------------------------------------------+-----
Fighting       | 3 4 5 6 7 8 9 |  9.5
Shields        | 3 4 5 6 7 9 10 11 | 11.3
Short Blades   | 2 3 4 5 6 8 9 10 11 12 | 12.0
Armour         | 3 4 5 6 7 8 9 |  9.1
Dodging        | 1 2 |  2.4
Stealth        | 1 2 4 6 8 9 10 | 10.6
Bows           | 3 |  3.8
Invocations    | 2 5 6 |  6.0

Action                   |  1- 3 |  4- 6 |  7- 9 | 10-12 | 13-15 || total
-------------------------+-------+-------+-------+-------+-------++-------
Melee: Rapier            |   116 |   140 |   357 |   745 |   165 ||  1523
       Bite              |    31 |    39 |   145 |   341 |   416 ||   972
       Quick blade       |       |       |       |       |   750 ||   750
 Fire: Shortbow          |       |       |     7 |    50 |       ||    57
       Longbow           |       |       |       |     3 |       ||     3
  Use: Scroll            |     5 |     3 |     6 |    10 |    12 ||    36
       Potion            |     7 |     2 |     4 |     6 |     4 ||    23
 Stab: Invisible         |     2 |       |       |       |       ||     2
       Paralysed         |       |       |     3 |    32 |    37 ||    72
  Eat: Chunk             |     1 |     4 |     3 |    13 |    11 ||    32
       Meat ration       |       |       |     1 |     1 |       ||     2
       Fruit             |       |       |     3 |     1 |     1 ||     5
       Bread ration      |       |       |       |       |     1 ||     1
Armor: Scale mail        |    45 |    35 |    41 |       |       ||   121
       Plate armour      |       |       |    61 |   202 |   214 ||   477
Dodge: Dodged            |    27 |    35 |    48 |    92 |   100 ||   302
Block: Shield            |    76 |    82 |   200 |   457 |   428 ||  1243
       Reflection        |     4 |     5 |       |    13 |     8 ||    30
       Other             |       |       |       |     1 |       ||     1
